 Dungeon Crawl Stone Soup version 0.28.0 (webtiles) character file.

Game seed: 11297530186549704754

6808 mortz the Destroyer (level 11, -3/75 HPs)
             Began as a Human Conjurer on Feb 18, 2022.
             Was a Believer of Vehumet.
             Slain by a two-headed ogre (11 damage)
             ... on level 11 of the Dungeon.
             The game lasted 01:38:14 (13805 turns).

mortz the Destroyer (Human Conjurer)               Turns: 13805, Time: 01:38:15

Health: -3/75      AC: 18    Str:  9    XL:     11   Next: 25%
Magic:  16/23      EV: 10    Int: 28    God:    Vehumet [**....]
Gold:   186        SH:  0    Dex: 19    Spells: 23/27 levels left

rFire   x . .      SeeInvis .   f - staff of conjuration
rCold   . . .      Faith    .   (no shield)
rNeg    . . .      Spirit   .   y - +5 scale mail "Xouk" {Fly rF- Dex+8}
rPois   +          Reflect  .   a - +2 helmet
rElec   .          Harm     .   w - +1 cloak
rCorr   .          Rampage  .   (no gloves)
Will    .....                   (no boots)
Stlth   +.........              (no amulet)
HPRegen 0.22/turn               r - +6 ring of intelligence
MPRegen 0.18/turn               L - ring of poison resistance

@: flying
A: no striking features
a: Renounce Religion


You were on level 11 of the Dungeon.
You worshipped Vehumet.
Vehumet was pleased with you.
You visited 2 branches of the dungeon, and saw 12 of its levels.

You collected 446 gold pieces.
You spent 260 gold pieces at shops.

Inventory:

Hand Weapons
 c - a +4 hand axe
 d - a +0 trident
 q - a +2 falchion of electrocution
 u - a +1 war axe of venom
 x - the +7 short sword "Jelly's Undoing" {vorpal, rF+}
   (You found it on level 8 of the Dungeon)

   It inflicts extra damage upon your enemies.
   rF:        It protects you from fire.
 C - a +1 dire flail of draining
 G - a +2 dagger of holy wrath
 J - a +0 war axe of electrocution
 M - a +0 dagger of electrocution
 N - a +3 dire flail
 O - a +2 battleaxe
 Q - a +0 short sword of electrocution
 S - a +3 short sword
 T - a +2 short sword
 U - a +3 hand axe
Armour
 a - a +2 helmet (worn)
 j - a +3 leather armour
 w - a +1 cloak (worn)
 y - the +5 scale mail "Xouk" (worn) {Fly rF- Dex+8}
   (You found it on level 5 of the Dungeon)

   Dex:       It affects your dexterity (+8).
   rF:        It makes you vulnerable to fire.
   Fly:       It grants you flight.
Magical Staves
 f - a staff of conjuration (weapon)
Jewellery
 e - a ring of positive energy
 m - a ring of protection from cold
 n - a ring of poison resistance
 r - a +6 ring of intelligence (left hand)
 I - a ring of flight
 L - a ring of poison resistance (right hand)
 R - a ring of protection from cold
Wands
 b - a wand of flame (24)
 A - a wand of iceblast (11)
Scrolls
 i - a scroll of fog
 k - a scroll of summoning {unknown}
 l - 6 scrolls of teleportation
 p - 2 scrolls of blinking
 v - a scroll of silence {unknown}
 B - 2 scrolls of immolation {unknown}
 E - a scroll of fear {unknown}
 F - a scroll of torment {unknown}
 H - a scroll of magic mapping {unknown}
 K - a scroll of amnesia {unknown}
 V - a scroll of enchant weapon {unknown}
Potions
 h - a potion of flight {unknown}
 o - a potion of might
 s - 2 potions of lignification
 t - 4 potions of magic
 z - 2 potions of cancellation
 D - a potion of heal wounds {unknown}
 P - a potion of haste


   Skills:
 + Level 3.0 Fighting
 + Level 1.1 Short Blades
 + Level 0.5 Axes
 + Level 8.2 Armour
 + Level 3.6 Dodging
 + Level 3.6 Stealth
 + Level 8.9 Spellcasting
 + Level 10.2 Conjurations


You had 23 spell levels left.
You knew the following spells:

 Your Spells              Type           Power      Damage    Failure   Level
a - Magic Dart            Conj           100%       1d8       1%          1
b - Searing Ray           Conj           100%       2d8       1%          2
c - Shock                 Conj/Air       100%       1d9       3%          1

Your spell library contained the following spells:

 Spells                   Type           Power      Damage    Failure   Level
 Sandblast                Erth           24%        2d8       26%         1
 Dazzling Flash           Conj/Hex       100%       N/A       10%         3
 Animate Skeleton         Necr           24%        N/A       26%         1
 Apportation              Tloc           24%        N/A       26%         1
 Summon Small Mammal      Summ           48%        N/A       26%         1
 Fulminant Prism          Conj/Hex       28%        3d14      30%         4
 Iskenderun's Mystic Bla  Conj/Tloc      57%        2d12      30%         4
 Ignite Poison            Fire/Tmut/Pois 12%        N/A       61%         3
 Summon Guardian Golem    Hex/Summ       12%        N/A       61%         3
 Lightning Bolt           Conj/Air       28%        1d45      65%         5
 Animate Dead             Necr           6%         N/A       95%         4
 Orb of Destruction       Conj           40%        9d11      97%         7
 Alistair's Intoxication  Tmut/Pois      8%         N/A       100%        5
 Yara's Violent Unravell  Hex/Tmut       6%         3d5       100%        5
 Dragon Form              Tmut           6%         N/A       100%        7
 Haunt                    Necr/Summ      6%         N/A       100%        7
 Spellforged Servitor     Conj/Summ      28%        N/A       100%        7
 Infestation              Necr           6%         N/A       100%        8


Dungeon Overview and Level Annotations

Branches:
Dungeon (12/15)            Temple (1/1) D:5            Lair (0/6) D:9
    Orc: D:9-12

Altars:
Ashenzari
Cheibriados
Dithmenos
Elyvilon
Fedhas
Gozag
Hepliaklqana
Kikubaaqudgha
Makhleb
Nemelex Xobeh
Okawaru
Qazlal
Ru
Sif Muna
Trog
Uskayaw
Vehumet
Wu Jian
Xom
Yredelemnul
Zin
The Shining One

Shops:
D:1 :   D:8 =

Annotations:
D:2 Sigmund


Message History

The vampire mosquito closely misses you.
The vampire mosquito bites you but does no damage.
Casting: Searing Ray (safe; 1% risk of failure)
Confirm with . or Enter, or press ? or * to list all spells.
Aiming: Searing Ray (safe; 1% risk of failure)
Press: ? - help, Shift-Dir - straight line, f/p - vampire mosquito
Aim: a vampire mosquito (purple smoke, lightly damaged, 72% to hit)
You feel a surge of power!
The searing ray misses the vampire mosquito. (Press . to maintain the ray.)
The vampire mosquito barely misses you. x3
The vampire mosquito bites you but does no damage.
The vampire mosquito closely misses you.
Something hits you but does no damage.
The vampire mosquito bites you but does no damage.
The searing ray hits the vampire mosquito!
The vampire mosquito is heavily damaged.
Something hits you but does no damage.
The vampire mosquito closely misses you.
The vampire mosquito bites you.
* * * LOW HITPOINT WARNING * * *
The vampire mosquito draws strength from your injuries!
The vampire mosquito bites you.
* * * LOW HITPOINT WARNING * * *
The vampire mosquito draws strength from your injuries!
The vampire mosquito barely misses you.
The vampire mosquito bites you but does no damage.
The vampire mosquito barely misses you.
The searing ray hits the vampire mosquito!
The vampire mosquito is almost destroyed.
Your surroundings suddenly seem different.
A two-headed ogre comes into view.
It is wielding two +0 giant spiked clubs.
Found a stone staircase leading up.
The two-headed ogre shouts in stereo!
The two-headed ogre closely misses you.
The two-headed ogre hits you but does no damage.
There is a stone staircase leading up here.
The two-headed ogre closely misses you.
The two-headed ogre hits you with a +0 giant spiked club!
You die...

# # #..#.
#####
#.#...##...##
#.........O@#
.............#
.............#
.............#
............##
##
......##...##
.# #..#.#
##### . #..#.


You could see a two-headed ogre.

Vanquished Creatures
  A hydra (D:8)
  Pikel (D:8)
  Grinder (D:3)
  Prince Ribbit (D:5)
  2 shadows
  A wraith (D:9)
  Grum (D:8)
  A wyvern (D:7)
  4 water moccasins
  4 orc warriors
  An ice beast (D:7)
  4 black bears
  An ogre (D:6)
  2 wolves (D:8)
  6 centaurs
  A lemure (D:8)
  2 kobold brigands
  Blork the orc (D:4)
  7 bullfrogs
  3 scorpions
  A water moccasin skeleton (D:5)
  8 wights
  3 howler monkeys (D:8)
  2 bullfrog zombies
  2 hounds
  2 centaur zombies
  A centaur skeleton (D:7)
  2 jellies
  6 orc priests
  A bullfrog skeleton (D:7)
  2 gnoll shamans
  Jessica (D:1)
  4 iguanas
  12 orc wizards
  A killer bee zombie (D:8)
  2 hound skeletons
  Robin (D:1)
  2 howler monkey zombies (D:9)
  7 gnolls
  8 adders
  A howler monkey skeleton (D:7)
  A worm (D:2)
  5 dart slugs
  24 orcs
  7 bats
  4 endoplasms
  5 giant cockroaches
  23 goblins
  8 hobgoblins
  2 jackals (D:1)
  18 kobolds
  4 quokkas
  10 ball pythons
  4 frilled lizards
  6 rats
235 creatures vanquished.

Vanquished Creatures (others)
  61 fungi
  63 plants
124 creatures vanquished.

Grand Total: 359 creatures vanquished

Notes
Turn   | Place    | Note
-------+----------+-------------------------------------------
     0 | D:1      | mortz the Human Conjurer began the quest for the Orb.
     0 | D:1      | Reached XP level 1. HP: 13/13 MP: 3/3
   406 | D:1      | Reached XP level 2. HP: 19/19 MP: 3/5
   637 | D:1      | Learned a level 2 spell: Searing Ray
   709 | D:1      | Found Miropoawn's Book Shoppe.
   907 | D:1      | Reached XP level 3. HP: 24/24 MP: 1/6
  1546 | D:2      | Reached XP level 4. HP: 30/30 MP: 2/7
  1653 | D:2      | Reached skill level 1 in Armour
  1906 | D:2      | Noticed Robin
  1914 | D:2      | Reached skill level 5 in Conjurations
  2095 | D:2      | Noticed Jessica
  2268 | D:1      | Killed Robin
  2269 | D:1      | Reached XP level 5. HP: 35/35 MP: 4/9
  2486 | D:2      | Noticed Sigmund
  2524 | D:1      | Killed Jessica
  2872 | D:2      | Found a faded altar of an unknown god.
  3419 | D:3      | Noticed Grinder
  3429 | D:3      | Killed Grinder
  3430 | D:3      | Reached skill level 1 in Short Blades
  3430 | D:3      | Reached XP level 6. HP: 42/42 MP: 1/12
  3430 | D:3      | Reached XP level 7. HP: 47/47 MP: 1/13
  3723 | D:3      | Found a broken altar of Ashenzari.
  3723 | D:3      | Found an ornate altar of the Wu Jian Council.
  4056 | D:3      | Found an iron altar of Okawaru.
  4351 | D:4      | Noticed Blork the orc
  4358 | D:4      | Killed Blork the orc
  4881 | D:4      | Reached skill level 6 in Conjurations
  4913 | D:4      | Found an opulent altar of Gozag.
  4966 | D:4      | Found a hide-covered altar of Uskayaw.
  5030 | D:4      | Reached XP level 8. HP: 5/53 MP: 9/15
  5477 | D:5      | Entered Level 5 of the Dungeon
  5533 | D:5      | Reached skill level 5 in Spellcasting
  5615 | D:5      | Identified the +5 scale mail "Xouk" {Fly rF- Dex+8}
  6171 | D:5      | Noticed Prince Ribbit
  6180 | D:5      | Killed Prince Ribbit
  6181 | D:5      | Reached skill level 1 in Fighting
  6393 | D:5      | Found a staircase to the Ecumenical Temple.
  6402 | Temple   | Entered the Ecumenical Temple
  6415 | Temple   | Became a worshipper of Vehumet
  6882 | D:6      | Reached skill level 7 in Conjurations
  7216 | D:6      | Reached XP level 9. HP: 59/59 MP: 12/18
  8223 | D:7      | Reached * piety under Vehumet
  8223 | D:7      | Offered knowledge of Shock by Vehumet.
  8226 | D:7      | Learned a level 1 spell: Shock
  8238 | D:7      | Reached skill level 5 in Armour
  8364 | D:7      | Reached skill level 8 in Conjurations
  8706 | D:7      | Got the Reference Book on Mutagenic Lightness
  8927 | D:7      | Found a hazy altar of Hepliaklqana.
  9208 | D:7      | Reached XP level 10. HP: 67/67 MP: 14/20
  9580 | D:8      | Noticed Pikel
  9588 | D:8      | Killed Pikel
  9589 | D:8      | Reached skill level 9 in Conjurations
  9702 | D:7      | Found a shimmering blue altar of Sif Muna.
  9830 | D:8      | stash
  9989 | D:8      | Reached ** piety under Vehumet
 10127 | D:8      | Found Siaponoa's Jewellery Boutique.
 10147 | D:8      | Bought a ring of poison resistance for 260 gold pieces
 10156 | D:8      | Identified the +7 short sword "Jelly's Undoing" {vorpal,
                  | rF+}
 10269 | D:8      | Noticed Grum
 10278 | D:8      | Offered knowledge of Sandblast by Vehumet.
 10286 | D:8      | Killed Grum
 10323 | D:8      | Noticed an eight-headed hydra
 10982 | D:8      | Killed an eight-headed hydra
 12162 | D:9      | Reached skill level 10 in Conjurations
 12172 | D:9      | Reached XP level 11. HP: 53/74 MP: 10/23
 12282 | D:9      | Identified the +4 scale mail of Yveh {Rampage rElec Slay-5}
 12928 | D:9      | Found a staircase to the Lair.
 12994 | D:9      | Noticed a two-headed ogre
 13309 | D:9      | You are sucked into a shaft and drop 3 floors!
 13380 | D:11     | Noticed a centaur warrior
 13381 | D:11     | Noticed a deep elf pyromancer
 13391 | D:11     | HP: 2/75 [centaur warrior/arrow (8)]
 13763 | D:12     | Noticed a fire giant
 13765 | D:12     | Noticed a cyclops
 13765 | D:12     | Noticed a two-headed ogre
 13765 | D:12     | Noticed a two-headed ogre
 13800 | D:11     | Noticed a two-headed ogre
 13805 | D:11     | Slain by a two-headed ogre

Illustrated notes

# #. #.# #. #...
#.##.##.###. #....
#........ .#.....
#####....####......
..........).)).....
#.##....####......
#.##.#.## ##.....
#.##.#.# #....
#@##.#.# #...
#...[..# ###+#
####[### #.... #.#
#.#.# #[# #.#<#
#.#########....
#..............
###########....
##..#


Turn 9830 on D:8: stash

Levels and vault maps discovered:
D:1:      dpeg_cavernosity, layout_rooms, serial_shops, shop,
          serial_bayou_pond_d, bh_walls_and_bars
D:2:      layout_basic, shapermc_ecumenical_altar_mp_urbaneastern, serial_glass,
          glass_columns_a, glass_columns_b, grunt_ministairs_7, uniq_sigmund,
          uniq_jessica, uniq_robin
D:3:      layout_basic, amethyst_overflow_temple_binary,
          kennysheep_okawaru_gauntlet, uniq_grinder
D:4:      layout_rooms, mainiacjoe_overflow_paths,
          nicolae_gozag_cash_rules_everything_around_me, uniq_blork_the_orc
D:5:      layout_gridville, temple_fountains, nicolae_fountain_basement,
          uniq_prince_ribbit1
D:6:      black_bear_nest_2, layout_rooms, minmay_misc_feat_chi
D:7:      hellmonk_ruined_rings, layout_loops_corners,
          nicolae_overflow_hidden_temple, minmay_misc_feat_doors
D:8:      layout_loops_corners, nicolae_stop_n_shop_1, columned_hall_lemuel,
          feat_on_display, uniq_pikel, uniq_grum
D:9:      layout_loops_corners, due_lair_maze_entry_diamond, enter_bailey_4
D:11:     layout_rooms, hiddenorc2_lemuel, hangedman_decor_points
D:12:     hourglass_vault, layout_basic, serial_shops, shop_fountains,
          ebering_ghost_xom, uniq_nergalle
Temple:   regret_index_temple_waves

Skill      XL: |  1  2  3  4  5  6  7  8  9 10 11 |
---------------+----------------------------------+-----
Armour         | 1 2 3 5 7 8 |  8.2
Conjurations   | 5 6 7 8 10 | 10.2
Spellcasting   | 3 4 6 7 8 |  8.9
Short Blades   | 1 |  1.1
Fighting       | 1 2 3 |  3.0
Stealth        | 3 |  3.6
Dodging        | 3 |  3.6
Axes           | |  0.5

Action                   |  1- 3 |  4- 6 |  7- 9 | 10-12 || total
-------------------------+-------+-------+-------+-------++-------
Melee: Short sword       |     2 |     4 |       |       ||     6
       Falchion          |       |       |     1 |       ||     1
       War axe           |       |       |     7 |       ||     7
       Staff             |       |       |       |     5 ||     5
 Cast: Magic Dart        |    46 |    56 |   111 |    63 ||   276
       Searing Ray       |    11 |    14 |    60 |    67 ||   152
  Use: Scroll            |       |       |    10 |     6 ||    16
       Potion            |       |       |       |     1 ||     1
Armor: Leather armour    |     2 |     6 |     2 |       ||    10
       Scale mail        |       |       |    37 |   133 ||   170
Dodge: Dodged            |     4 |    22 |    33 |    81 ||   140
